AoeStats
← noobgamer

Arabia

510541158Analyzed
1v1 RM · 14h ago on Oct 1, 2026· 15m 36s· 2 players
Game mode
Random Map
Map size
Tiny (2 player)
Population
200
Speed
Normal
Resources
Standard
Victory
Conquest
Starting age
Dark Age
Ending age
Imperial Age
RankedLock teamsTeams togetherTeam positionsShared explorationLock speedFull tech treeHidden civsTurbo modeCheats
Victory
Defeat
🇩🇰 Saracens · Denmark
870
+18
🇨🇳 Teutons · China
919
-18
Trailblazer88
7:17 Loom
9:53 Feudal Age
10:22 Double-Bit Axe
10:21 Horse Collar
noobgamer
1:20 Loom
11:44 Feudal Age
11:50 Man-at-Arms
12:34 Double-Bit Axe
14:58 Horse Collar
Connection lost

Rejoining the realm…

Still unreachable

The connection could not be restored.

Session expired

The server has moved on; the page needs a fresh start.